 Dungeon Crawl Stone Soup version 0.21.1-1-g345015fe64 (webtiles) character file.

1168 Gargoyl the Poker (level 8, -3/67 HPs)
             Began as a Centaur Abyssal Knight on June 7, 2018.
             Was a Believer of Lugonu.
             Slain by AmmanPL's ghost (5 damage)
             ... on level 5 of the Dungeon on June 8, 2018.
             The game lasted 00:10:08 (5709 turns).

Gargoyl the Poker (Centaur Abyssal Knight)          Turns: 5709, Time: 00:10:09

Health: -3/67      AC: 11    Str: 17    XL:     8   Next: 17%
Magic:  11/11      EV:  3    Int: 11    God:    Lugonu [**....]
Gold:   33         SH:  0    Dex: 13    Spells: 7/7 levels left

rFire    . . .     SeeInvis .   d - +3 halberd (chop)
rCold    . . .     Gourm    .   (shield currently unavailable)
rNeg     . . .     Faith    .   f - +0 plate armour
rPois    .         Spirit   .   (no helmet)
rElec    .         Reflect  .   (no cloak)
rCorr    .         Harm     .   u - +0 pair of gloves
MR       .....                  (no barding)
Stlth    ..........             (no amulet)
HPRegen  0.21/turn              l - +2 ring of slaying
MPRegen  0.12/turn              h - +4 ring of dexterity

@: very quick
A: large, hooves 3, deformed body, speed 2, tough skin 3
a: Depart the Abyss, Bend Space, Renounce Religion


You were on level 5 of the Dungeon.
You worshipped Lugonu.
Lugonu was pleased with you.
You were not hungry.

You visited 1 branch of the dungeon, and saw 6 of its levels.
You visited the Abyss 1 time.

You collected 243 gold pieces.
You spent 210 gold pieces at shops.

Inventory:

Hand Weapons
 a - a +1 hand axe
 d - a +3 halberd of chopping (weapon)
Missiles
 r - 5 tomahawks (quivered)
Armour
 f - a +0 plate armour (worn)
 u - a +0 pair of gloves (worn)
Jewellery
 h - a +4 ring of dexterity (right hand)
 j - a cursed amulet of inaccuracy {unknown}
 l - a +2 ring of slaying (left hand)
 w - an uncursed ring of protection from cold {unknown}
Wands
 e - a wand of iceblast (7)
 t - a wand of paralysis (12)
Scrolls
 g - 3 scrolls of remove curse
 m - 4 scrolls of teleportation
 x - a scroll of fog {unknown}
Potions
 b - a potion of berserk rage {unknown}
 i - a potion of lignification
 k - a potion of resistance {unknown}
 n - 6 potions of curing
 o - a potion of degeneration {unknown}
 p - a potion of cancellation {unknown}
 q - a potion of magic {unknown}
 s - 3 potions of heal wounds
 v - a potion of mutation {unknown}
Comestibles
 c - 6 rations


   Skills:
 + Level 4.5 Fighting
 + Level 1.9(3.6) Axes
 + Level 4.8(5.0) Polearms
 + Level 1.6 Throwing
 * Level 4.4 Armour
 - Level 0.6 Dodging
 * Level 4.7 Invocations


You had 7 spell levels left.
You didn't know any spells.

Dungeon Overview and Level Annotations

Branches:
Dungeon (6/15)             Temple (0/1) D:5

Altars:
Elyvilon
Fedhas
Makhleb
Nemelex Xobeh
Okawaru
Qazlal
Ru
Trog
Uskayaw

Shops:
D:4 %!}   D:5 *

Annotations:
D:5 AmmanPL's ghost, novice TrBe
D:6 zorgos's ghost, novice MiFi


Innate Abilities, Weirdness & Mutations

You have hooves in place of feet.
Armour fits poorly on your strangely shaped body.
You cover ground very quickly.
You have extremely tough skin. (AC +3)


Message History

Your plate armour prevents you from hitting zorgos's ghost.
You kick zorgos's ghost, but do no damage.
Zorgos's ghost is severely damaged.
Zorgos's ghost hits you.
* * * LOW HITPOINT WARNING * * *
Your plate armour prevents you from hitting zorgos's ghost.
Your kick misses zorgos's ghost.
Zorgos's ghost is severely damaged.
Zorgos's ghost hits you.
* * * LOW HITPOINT WARNING * * *
Zorgos's ghost hits you.
* * * LOW HITPOINT WARNING * * *
Found 16 gold pieces.
Found a hide-covered altar of Uskayaw.
There is a stone staircase leading up, spattered with blood here.
You climb upwards.
Level annotation: AmmanPL's ghost, novice TrBe AmmanPL's ghost hits you.
* * * LOW HITPOINT WARNING * * *
AmmanPL's ghost hits you.
You die...

## ######## #. #......#
#. #......# #. #.._...#
#. #......###### #.
###...........###.
#######W................
#......@...)............
#.#######...........###.
..(..............
...............####
...(................
..(.................
....................
............## .....
.....


You could see AmmanPL's ghost.

Vanquished Creatures
  Sigmund (D:5)
  3 ogres
  A bullfrog (D:5)
  3 howler monkeys (D:4)
  5 hounds
  2 orc priests
  A jelly (D:6)
  4 orc wizards
  An iguana (D:4)
  2 worker ants
  5 adders
  3 gnolls (D:5)
  An ooze (D:1)
  2 worms (D:3)
  4 leopard geckos
  12 orcs
  10 bats
  4 giant cockroaches
  6 goblins
  6 hobgoblins
  6 jackals
  5 kobolds
  3 quokkas
  A ball python (D:4)
  4 frilled lizards
  A leopard gecko zombie (D:5)
  4 rats
100 creatures vanquished.

Notes
Turn   | Place    | Note
-------+----------+-------------------------------------------
     0 | Abyss:1  | Gargoyl the Centaur Abyssal Knight began the quest for the Orb.
     0 | Abyss:1  | Reached XP level 1. HP: 19/19 MP: 2/2
    56 | Abyss:2  | Noticed a raiju
    57 | Abyss:2  | Noticed a raiju
    57 | Abyss:2  | Noticed a raiju
    60 | D:1      | Escaped the Abyss
   210 | D:1      | Reached skill level 1 in Throwing
   210 | D:1      | Reached XP level 2. HP: 22/26 MP: 3/3
   212 | D:1      | Reached * piety under Lugonu
  1396 | D:2      | Reached XP level 3. HP: 29/31 MP: 4/4
  1536 | D:2      | Found a burning altar of Makhleb.
  1701 | D:2      | Found a white marble altar of Elyvilon.
  2270 | D:3      | Reached skill level 1 in Polearms
  2299 | D:3      | Reached XP level 4. HP: 10/38 MP: 6/6
  2805 | D:3      | Reached ** piety under Lugonu
  2819 | D:3      | Reached XP level 5. HP: 7/45 MP: 7/7
  3522 | D:3      | Found a sparkling altar of Nemelex Xobeh.
  3596 | D:4      | Found Ylegaeme's Food Shop.
  3637 | D:4      | Reached XP level 6. HP: 52/52 MP: 8/8
  3657 | D:4      | Found a sacrificial altar of Ru.
  3658 | D:4      | Found a blossoming altar of Fedhas.
  3697 | D:4      | Found Puiwkel's Distillery.
  3705 | D:4      | Bought a potion of heal wounds for 50 gold pieces
  3705 | D:4      | Bought a potion of heal wounds for 50 gold pieces
  3705 | D:4      | Bought a potion of heal wounds for 50 gold pieces
  3705 | D:4      | Bought a potion of curing for 30 gold pieces
  3705 | D:4      | Bought a potion of curing for 30 gold pieces
  3968 | D:4      | Found an iron altar of Okawaru.
  4110 | D:4      | Found Tarob's Gadget Boutique.
  4130 | D:4      | Reached XP level 7. HP: 53/59 MP: 9/9
  4545 | D:5      | Entered Level 5 of the Dungeon
  4551 | D:5      | Noticed Sigmund
  4560 | D:5      | Reached *** piety under Lugonu
  4565 | D:5      | Killed Sigmund
  4792 | D:5      | Noticed AmmanPL's ghost (novice TrBe)
  5445 | D:5      | Found a staircase to the Ecumenical Temple.
  5523 | D:5      | Found Sufav's General Store.
  5581 | D:5      | Found a stormy altar of Qazlal.
  5592 | D:5      | Reached XP level 8. HP: 48/67 MP: 11/11
  5633 | D:6      | Found a bloodstained altar of Trog.
  5683 | D:6      | Noticed zorgos's ghost (novice MiFi)
  5702 | D:6      | Noticed a hand axe
  5703 | D:6      | Noticed a dagger
  5704 | D:6      | Found a hide-covered altar of Uskayaw.
  5709 | D:5      | HP: 2/67 [AmmanPL's ghost (6)]
  5709 | D:5      | Slain by AmmanPL's ghost

Skill      XL: |  1  2  3  4  5  6  7 |
---------------+----------------------+-----
Throwing       | 1 |  1.6
Polearms       | 1 2 3 4 |  4.8
Armour         | 2 3 4 |  4.4
Invocations    | 3 4 |  4.7
Fighting       | 4 |  4.5
Axes           | |  1.9
Dodging        | |  0.6

Action                   |  1- 3 |  4- 6 |  7- 9 || total
-------------------------+-------+-------+-------++-------
Melee: Halberd           |   105 |    86 |    69 ||   260
       Kick              |     9 |    11 |    13 ||    33
Throw: Tomahawk          |       |       |     4 ||     4
Invok: Depart the Abyss  |     1 |       |       ||     1
       Banish            |       |       |     2 ||     2
  Use: Scroll            |     3 |     3 |       ||     6
       Potion            |       |     2 |       ||     2
 Stab: Paralysed         |       |     1 |       ||     1
  Eat: Chunk             |     2 |       |     1 ||     3
       Ration            |       |     2 |     1 ||     3
Armor: Plate armour      |   103 |    88 |    72 ||   263
       Skin              |       |     6 |       ||     6
Dodge: Dodged            |     2 |    10 |    12 ||    24
